 Dungeon Crawl Stone Soup version 0.32-a0-968-g61e5eb5241 (webtiles) character file.

Game seed: 4276839110396419316

1032 Revguard the Ruffian (level 8, -3/66 HPs)
             Began as a Red Draconian Shapeshifter on Apr 18, 2024.
             Was an Initiate of Jiyva.
             Slain by a +1 broad axe of flaming (11 damage)
             ... created by the rancor of the Wu Jian Council
             ... on level 5 of the Dungeon.
             The game lasted 00:11:33 (5489 turns).

Revguard the Ruffian (Red Draconian Shapeshifter)   Turns: 5489, Time: 00:11:34

Health: -3/66      AC:  6    Str: 16      XL:     8   Next: 3%
Magic:  17/17      EV: 12    Int: 10      God:    Jiyva [......]
Gold:   183        SH:  0    Dex: 13 (14) Spells: 7/7 levels left

rFire   + .          .
                       - Unarmed
rCold   . . .        (no shield)
rNeg    . . .        (body armour unavailable)
rPois   .            (helmet currently unavailable)
rElec   .            (cloak currently unavailable)
rCorr   .            (gloves currently unavailable)
SInv    .            (boots currently unavailable)
Will    .....        (no amulet)
Stlth   +            l - ring of magical power
HPRegen 0.31/turn    (no ring)
MPRegen 0.15/turn

%: no passive effects
@: beast-form, silenced (expiring)
A: beast (slay +2), combustion breath, AC +6, unfitting armour, fire resistance
1, cold-blooded, deterioration 1, screaming 1
a: Combustion Breath, Begin Untransformation, Renounce Religion


You were on level 5 of the Dungeon.
You worshipped Jiyva.
Jiyva was noncommittal.
You were a hulking beast.
You visited 2 branches of the dungeon, and saw 6 of its levels.
You also visited: Sewer.

You collected 183 gold pieces.

Inventory:

Jewellery
 f - a ring of wizardry
 l - a ring of magical power (left hand)
Talismans
 b - a beast talisman (active)
 c - a flux talisman
Scrolls
 a - a scroll of fog
 d - a scroll of silence
 g - a scroll of vulnerability
 h - a scroll of revelation {unknown}
 i - a scroll of teleportation
Potions
 e - 2 potions of invisibility {unknown}
 j - a potion of brilliance
 k - a potion of magic {unknown}
 m - a potion of resistance {unknown}


   Skills:
 + Level 3.7 Fighting
 + Level 3.3 Dodging
 + Level 3.0 Stealth
 * Level 5.5 Unarmed Combat
 + Level 2.9 Evocations
 * Level 5.1 Shapeshifting


You had 7 spell levels left.
You didn't know any spells.
Your spell library contained the following spells:

 Spells                   Type           Power      Damage    Failure   Level
 Necrotise                Necr           0%         1d4       36%         1
 Cigotuvi's Dreadful Rot  Necr/Alch/Air  0%         N/A       50%         2
 Vampiric Draining        Necr           0%         2d6       75%         3
 Ignite Poison            Fire/Alch      0%         N/A       98%         4
 Martyr's Knell           Necr/Summ      0%         N/A       98%         4
 Curse of Agony           Necr           0%         N/A       100%        5
 Freezing Cloud           Conj/Ice/Air   0%         6-21      100%        5


Dungeon Overview and Level Annotations

Branches:
Dungeon (5/15)             Temple (1/1) D:4           Sewer (visited)

Altars:
Ashenzari
Elyvilon
Gozag
Hepliaklqana
Kikubaaqudgha
Qazlal
Sif Muna
Uskayaw
Vehumet
Wu Jian
Xom
Yredelemnul
Zin
The Shining One

Shops:
D:5 *


Innate Abilities, Weirdness & Mutations

You are a hulking beast.
Your limbs bulge with bestial killing power. (Slay +2)
You can breathe blasts of explosive embers.
Your fiery red scales are hard. (AC +6)
You cannot fit into any form of body armour.
Your flesh is heat resistant. (rF+)
You are cold-blooded and may be slowed by cold attacks.
Your body sometimes deteriorates upon taking damage.
You occasionally shout uncontrollably at your foes.


Message History

The iceblast engulfs the +0 heavy great sword.
The +0 heavy great sword partially resists.
The +0 heavy great sword is severely damaged.
The iceblast engulfs the +3 broad axe of electrocution!
The +3 broad axe of electrocution partially resists.
You destroy the +3 broad axe of electrocution!
That felt strangely unrewarding.
The now-empty wand crumbles to dust.
The +0 great sword of flaming hits you!!
Your body deteriorates!
You feel clumsy.
The +0 great sword of flaming burns you.
The +1 broad axe of flaming attacks as it pursues you!
The +1 broad axe of flaming misses you.
The +0 heavy great sword closely misses you.
The +1 broad axe of flaming attacks as it pursues you!
The +1 broad axe of flaming hits you!
* * * LOW HITPOINT WARNING * * *
The +1 broad axe of flaming burns you.
* * * LOW HITPOINT WARNING * * *
The +1 broad axe of flaming hits you!
* * * LOW HITPOINT WARNING * * *
The +1 broad axe of flaming burns you.
* * * LOW HITPOINT WARNING * * *
The +1 broad axe of flaming attacks as it pursues you!
The +1 broad axe of flaming hits you.
* * * LOW HITPOINT WARNING * * *
Aiming: Combustion Breath
Press: ? - help, Shift-Dir - straight line, f - +1 broad axe of flaming
Aim: a +1 broad axe of flaming (durably summoned, 90% to hit)
You breathe a blast of explosive embers.
The explosive embers hits the +1 broad axe of flaming.
The embers explode!
The fiery explosion hits the +1 broad axe of flaming.
The +1 broad axe of flaming resists.
The +1 broad axe of flaming is lightly damaged.
The fiery explosion hits the +0 great sword of flaming.
The +0 great sword of flaming resists.
The +0 great sword of flaming is lightly damaged.
The +1 broad axe of flaming hits you!
You die...
Jiyva sends a jelly to digest your remains.

### ..# #.#
#.#
##.#####.###
.....†).(..#
##.#####.#.#
#.#####(#.#
#....h(.#.#
#########.#
#.# #.#
#####.###
#.......#
#.###.#.#
#.##..#.#
#.#..##.#


You could see 2 dancing weapons.

Vanquished Creatures
  A dancing weapon (D:5)
  A black bear (D:5)
  An ogre (D:5)
  3 scorpions
  3 wights (D:4)
  A howler monkey (D:4)
  4 jellies (Sewer)
  A bombardier beetle (D:4)
  A hound (D:4)
  An orc priest (D:2)
  A sleepcap (D:5)
  Natasha (twice) (D:3)
  4 gnolls (D:4)
  11 adders
  A shadow imp (D:5)
  2 ufetubi (D:5)
  3 dart slugs
  4 ribbon worms
  9 orcs
  3 bats
  14 endoplasms
  4 giant cockroaches
  2 goblins
  6 hobgoblins
  4 jackals (D:3)
  2 quokkas (D:3)
  7 ball pythons
  8 frilled lizards
  3 kobolds
  13 rats
120 creatures vanquished.

Vanquished Creatures (others)
  A jelly (D:5)
1 creature vanquished.

Grand Total: 121 creatures vanquished

Notes
Turn   | Place    | Note
-------+----------+-------------------------------------------
     0 | D:1      | Revguard the Draconian Shapeshifter began the quest for the
                  | Orb.
     0 | D:1      | Reached XP level 1. HP: 16/16 MP: 1/1
   317 | D:1      | Found a faded altar of an unknown god.
   581 | D:1      | Reached XP level 2. HP: 22/23 MP: 2/2
   910 | D:2      | Found a shimmering altar of Xom.
  1174 | D:2      | Reached XP level 3. HP: 28/28 MP: 3/3
  1369 | D:2      | Reached skill level 1 in Stealth
  1369 | D:2      | Reached skill level 1 in Evocations
  1369 | D:2      | Reached XP level 4. HP: 30/36 MP: 4/4
  1947 | D:3      | Noticed Natasha
  1955 | D:3      | Killed Natasha
  2082 | D:3      | Identified the +0 cloak of the Curious Places {rPois Str-2
                  | SInv}
  2163 | D:3      | Reached XP level 5. HP: 41/41 MP: 5/5
  2214 | D:3      | Noticed Natasha
  2232 | D:3      | Killed Natasha
  2869 | D:4      | Gained mutation: Your large and strong wings let you fly.
                  | [potion of mutation]
  2869 | D:4      | Gained mutation: You occasionally lose the ability to read
                  | scrolls when taking damage. [potion of mutation]
  2869 | D:4      | Gained mutation: You expend magic power (3 MP) to
                  | strengthen your wands. [potion of mutation]
  2879 | D:4      | Lost mutation: Your large and strong wings let you fly.
                  | [potion of mutation]
  2879 | D:4      | Lost mutation: You expend magic power (3 MP) to strengthen
                  | your wands. [potion of mutation]
  2879 | D:4      | Lost mutation: You occasionally lose the ability to read
                  | scrolls when taking damage. [potion of mutation]
  2879 | D:4      | Gained mutation: Your body sometimes deteriorates upon
                  | taking damage. [potion of mutation]
  2879 | D:4      | Gained mutation: You occasionally shout uncontrollably at
                  | your foes. [potion of mutation]
  3016 | D:4      | Found a shimmering altar of Xom.
  3037 | D:4      | Reached XP level 6. HP: 43/50 MP: 6/6
  3094 | D:4      | Found a staircase to the Ecumenical Temple.
  3114 | Temple   | Entered the Ecumenical Temple
  3135 | Temple   | Became a worshipper of the Wu Jian Council
  3255 | D:4      | Found a white marble altar of Elyvilon.
  3937 | D:4      | Your scales start taking on a fiery red colour.
  3937 | D:4      | Reached XP level 7. HP: 29/57 MP: 7/7
  3937 | D:4      | Gained mutation: Your flesh is heat resistant. (rF+) [Red
                  | Draconian growth]
  4308 | D:5      | Entered Level 5 of the Dungeon
  4456 | D:5      | Reached skill level 5 in Unarmed Combat
  4659 | D:5      | Found a glowing drain.
  4666 | Sewer    | Entered a sewer
  4879 | Sewer    | Reached * piety under Wu Jian
  4887 | Sewer    | Reached skill level 5 in Shapeshifting
  5134 | Sewer    | Found a viscous altar of Jiyva.
  5151 | Sewer    | Fell from the grace of Wu Jian
  5151 | Sewer    | Became a worshipper of Jiyva Japh the Shapeless
  5229 | D:5      | Found Deed's Desiderata Depot.
  5333 | D:5      | Reached XP level 8. HP: 18/66 MP: 8/8
  5334 | D:5      | HP: 1/66 [shadow imp/nerve-wracking pain (12)]
  5483 | D:5      | Noticed a +0 great sword of flaming
  5483 | D:5      | Noticed a +3 broad axe of electrocution
  5483 | D:5      | Noticed a +0 heavy great sword
  5483 | D:5      | Noticed a +1 broad axe of flaming
  5484 | D:5      | Killed a +3 broad axe of electrocution
  5489 | D:5      | Slain by a +1 broad axe of flaming

Illustrated notes

Levels and vault maps discovered:
D:1:      matt_arrival_spirals, layout_basic,
          dreamdust_ecumenical_altar_angels_and_demons, minmay_misc_feat_chi,
          minmay_pentomino_u2
D:2:      layout_loops_corners, basic_altar
D:3:      layout_basic, solitary_fountain, uniq_natasha
D:4:      layout_loops_ring, old_standard_altar, nicolae_elyvilon_temple_path,
          minmay_temple_entry_overgrown
D:5:      layout_loops_corners, lemuel_doored_altar, lightli_sewer_entry_pipes,
          nicolae_alphabet_shops, uniq_crazy_yiuf_cottage
Temple:   hellmonk_temple_forest_ring

Skill      XL: |  1  2  3  4  5  6  7 |
---------------+----------------------+-----
Dodging        | 2 3 |  3.3
Stealth        | 1 2 3 |  3.0
Evocations     | 1 2 |  2.9
Fighting       | 2 3 |  3.7
Unarmed Combat | 4 5 |  5.5
Shapeshifting  | 4 5 |  5.1

Action                     |  1- 3 |  4- 6 |  7- 9 || total
---------------------------+-------+-------+-------++-------
  Melee: Unarmed           |    69 |   181 |   129 ||   379
         Tailslap          |     9 |    16 |    15 ||    40
         Punch             |     2 |     8 |     3 ||    13
Ability: Lunge             |       |     7 |    12 ||    19
         Combustion Breath |       |       |     3 ||     3
         Whirlwind         |       |       |     2 ||     2
  Evoke: Wand              |       |       |     4 ||     4
    Use: Potion            |     1 |     4 |     1 ||     6
         Scroll            |       |       |     8 ||     8
   Stab: Sleeping          |       |     5 |     2 ||     7
 Armour: Skin              |    32 |    86 |    90 ||   208
  Dodge: Dodged            |    43 |    76 |    70 ||   189

Table legend: (Time is in decaauts)
 A = Elapsed time spent in this place.
 B = Non-inter-level travel time spent in this place.
 C = Inter-level travel time spent in this place.
 D = Time resting spent in this place.
 E = Time spent auto-exploring this place.
 F = Levels seen in this place.
 G = Mean time per level.
                   A        B        C        D        E       F      G
               +--------+--------+--------+--------+--------+-----+--------+
         Total |   5530 |   5415 |    115 |    443 |   3893 |   7 |  790.0 |
       Dungeon |   4946 |   4842 |    104 |    425 |   3588 |   5 |  989.2 |
        Temple |     32 |     21 |     11 |      0 |      0 |   1 |   32.0 |
         Sewer |    551 |    551 |      0 |     18 |    305 |   1 |  551.0 |
               +--------+--------+--------+--------+--------+-----+--------+

Top non-repeatable levels by time:
     D:4: 1467 daAuts
     D:3: 1034 daAuts
     D:2: 993 daAuts
     D:1: 760 daAuts
     D:5: 690 daAuts
   Sewer: 551 daAuts
  Temple: 32 daAuts
